[Event "VI Sunway Sitges Open 2019"]
[Site "Sitges"]
[Date "2019.12.13"]
[Round "1.7"]
[White "Paszewski, Mateusz"]
[Black "Edouard, Romain"]
[Result "0-1"]
[ECO "B51"]
[WhiteElo "2251"]
[BlackElo "2653"]
[Annotator "RC"]
[PlyCount "96"]
[EventDate "2019.12.13"]
[EventType "swiss"]
[EventCountry "ESP"]
[SourceTitle "playchess.com"]
[Source "ChessBase"]
[SourceQuality "1"]
[TimeControl "40/5400+30:1800+30"]

1. e4 c5 2. Nf3 d6 3. Bb5+ Nd7 4. d4 cxd4 5. Qxd4 a6 6. Bxd7+ Qxd7 7. Nc3 e5 8. Qd3 Qc6 9. O-O Be6 10. Rd1 Rc8 11. a4 h6 12. Nd2 Nf6 13. Nf1 Be7 14. Ne3 O-O 15. Ncd5 Bxd5 16. exd5 Qd7 17. Nf5 Kh8 18. c4 Rfe8 19. Nxe7 Qxe7 20. b3 Nd7 21. Ba3 a5 22. Qc3 Ra8 23. Rac1 b6 24. Re1 f5 25. Qh3 Qf6 26. Rc2 g5 27. Rce2 Kh7 28. Qd3 Nc5 29. Qc2 Qg6 30. Qc3 f4 31. Bxc5 bxc5 32. Qc2 Rab8 33. Qxg6+ Kxg6 34. Rb2 e4 35. Kf1 Kf5 36. Ke2 h5 37. Kd2 h4 38. Kc3 h3 39. g3 Kg4 40. gxf4 gxf4 41. Rg1+ Kf3 42. Rg6 Rbd8 43. Rh6 Rh8 44. Re6 Rdg8 45. Rxd6 Rg2 46. Re6 Rxh2 47. d6 Rh1 48. d7 Rd8 {[%emt 0:00:03] Kd4} 0-1

[Event "VI Sunway Sitges Open 2019"]
[Site "Sitges"]
[Date "2019.12.13"]
[Round "1.21"]
[White "Karthik Rajaa"]
[Black "Gareyev, Timur"]
[Result "0-1"]
[ECO "A81"]
[WhiteElo "2212"]
[BlackElo "2598"]
[Annotator "ChessBase"]
[PlyCount "68"]
[EventDate "2019.12.13"]
[EventType "swiss"]
[EventCountry "ESP"]
[SourceTitle "playchess.com"]
[Source "ChessBase"]
[SourceQuality "1"]
[TimeControl "40/5400+30:1800+30"]

1. Nf3 d6 2. d4 f5 3. g3 Nf6 4. Bg2 g6 5. O-O Bg7 6. b3 a5 7. c4 O-O 8. Nc3 Nc6 9. Bb2 Ne4 10. Rc1 e5 11. dxe5 Nxc3 12. Bxc3 dxe5 13. Qd5+ Kh8 14. Qxd8 Rxd8 15. Ng5 Re8 16. Nf7+ Kg8 17. Bd5 Kf8 18. Ng5 h6 19. Bxc6 bxc6 20. Nf3 g5 21. Rfd1 f4 22. Ne1 a4 23. Nd3 e4 24. Nb4 axb3 25. axb3 Bg4 26. Bxg7+ Kxg7 27. Nxc6 Ra2 28. Ra1 Rxe2 29. Ra7 e3 30. Rxc7+ Kg6 31. fxe3 fxg3 32. hxg3 R8xe3 33. Rd6+ Kh5 34. Re7 Rxg3+ 0-1

[Event "VI Sunway Sitges Open 2019"]
[Site "Sitges"]
[Date "2019.12.13"]
[Round "1.22"]
[White "Svane, Rasmus"]
[Black "Zherebtsova, Alexandra"]
[Result "1-0"]
[ECO "A11"]
[WhiteElo "2597"]
[BlackElo "2209"]
[Annotator "ChessBase"]
[PlyCount "75"]
[EventDate "2019.12.13"]
[EventType "swiss"]
[EventCountry "ESP"]
[SourceTitle "playchess.com"]
[Source "ChessBase"]
[SourceQuality "1"]
[TimeControl "40/5400+30:1800+30"]

1. Nf3 d5 2. g3 g6 3. c4 c6 4. Qa4 dxc4 5. Qxc4 Bg7 6. Bg2 e5 7. d3 Ne7 8. O-O O-O 9. Rd1 Be6 10. Qc2 Nf5 11. e3 Na6 12. Nc3 h6 13. b3 Qa5 14. Bb2 Rfd8 15. Ne2 Nb4 16. Qb1 e4 17. Ne1 exd3 18. Nf4 d2 19. Nf3 Bxb2 20. Qxb2 Nd3 21. Nxd3 Rxd3 22. Ne5 Rd6 23. Ng4 Rad8 24. Nf6+ Kf8 25. Ne4 R6d7 26. b4 Qc7 27. Qh8+ Ke7 28. Qf6+ Kf8 29. Nc5 Rd6 30. Rxd2 Ng7 31. Qe5 Qb8 32. Rxd6 Rxd6 33. Nxe6+ fxe6 34. Qf6+ Kg8 35. Qxg6 e5 36. Qe4 Rd2 37. Qc4+ Kh8 38. Qf7 1-0

[Event "VI Sunway Sitges Open 2019"]
[Site "Sitges"]
[Date "2019.12.13"]
[Round "1.23"]
[White "Ajay Karthikeyan"]
[Black "Liang, Awonder"]
[Result "1/2-1/2"]
[ECO "C67"]
[WhiteElo "2203"]
[BlackElo "2593"]
[Annotator "ChessBase"]
[PlyCount "63"]
[EventDate "2019.12.13"]
[EventType "swiss"]
[EventCountry "ESP"]
[SourceTitle "playchess.com"]
[Source "ChessBase"]
[SourceQuality "1"]
[TimeControl "40/5400+30:1800+30"]

1. e4 e5 2. Nf3 Nc6 3. Bb5 Nf6 4. O-O Nxe4 5. Re1 Nd6 6. Nxe5 Be7 7. Bf1 Nf5 8. Nf3 O-O 9. d4 d5 10. Nc3 Bb4 11. h3 Nd6 12. Bg5 f6 13. Bd2 Bxc3 14. Bxc3 Bf5 15. Nh4 Be4 16. f3 Bg6 17. Nxg6 hxg6 18. Bd3 Nf5 19. Bxf5 gxf5 20. Qd3 Qd7 21. Re2 Rae8 22. Rae1 Kf7 23. Bd2 Rxe2 24. Rxe2 Re8 25. Rxe8 Kxe8 26. h4 a6 27. Kf2 Kf7 28. h5 Ne7 29. Bf4 g6 30. hxg6+ Nxg6 31. Bd2 Kg7 32. b3 1/2-1/2

[Event "VI Sunway Sitges Open 2019"]
[Site "Sitges"]
[Date "2019.12.13"]
[Round "1.24"]
[White "Praggnanandhaa R"]
[Black "Pena Morales, Hugo"]
[Result "1-0"]
[ECO "B51"]
[WhiteElo "2586"]
[BlackElo "2203"]
[Annotator "ChessBase"]
[PlyCount "91"]
[EventDate "2019.12.13"]
[EventType "swiss"]
[EventCountry "ESP"]
[SourceTitle "playchess.com"]
[Source "ChessBase"]
[SourceQuality "1"]
[TimeControl "40/5400+30:1800+30"]

1. e4 c5 2. Nf3 d6 3. Bb5+ Nc6 4. O-O Bd7 5. Re1 a6 6. Bf1 e6 7. c3 Nf6 8. d4 cxd4 9. cxd4 d5 10. e5 Ne4 11. Nbd2 Nxd2 12. Bxd2 Be7 13. Bd3 Qb6 14. Bc3 Rc8 15. Rc1 O-O 16. Bb1 f5 17. exf6 Rxf6 18. Qd3 g6 19. Ng5 h6 20. Nf3 Bf8 21. h4 Bg7 22. h5 Rcf8 23. Re3 Ne7 24. Qd2 Nc6 25. Bxg6 Rf4 26. Bb1 Rxf3 27. Rxf3 Rxf3 28. gxf3 Nxd4 29. Qe3 e5 30. Bxd4 exd4 31. Qe7 Qf6 32. Qxf6 Bxf6 33. Bd3 Bc6 34. Bxa6 d3 35. Bxd3 Bxb2 36. Rb1 Ba3 37. Bb5 Kf7 38. Bxc6 bxc6 39. Rb6 c5 40. Rxh6 c4 41. Kf1 Ke7 42. Ra6 Bb4 43. h6 Kf7 44. h7 Kg7 45. Ra7+ Kh8 46. Rd7 1-0

[Event "VI Sunway Sitges Open 2019"]
[Site "Sitges"]
[Date "2019.12.13"]
[Round "1.25"]
[White "Odnorozhenko, Evgenyi"]
[Black "Santos Latasa, Jaime"]
[Result "0-1"]
[ECO "B51"]
[WhiteElo "2201"]
[BlackElo "2585"]
[Annotator "ChessBase"]
[PlyCount "132"]
[EventDate "2019.12.13"]
[EventType "swiss"]
[EventCountry "ESP"]
[SourceTitle "playchess.com"]
[Source "ChessBase"]
[SourceQuality "1"]
[TimeControl "40/5400+30:1800+30"]

1. e4 c5 2. Nf3 d6 3. Bb5+ Nd7 4. d4 cxd4 5. Qxd4 a6 6. Bxd7+ Bxd7 7. c4 Nf6 8. O-O g6 9. e5 dxe5 10. Nxe5 Be6 11. Qh4 Qa5 12. Nf3 Qh5 13. b3 Qxh4 14. Nxh4 Bg7 15. Bb2 O-O 16. Nf3 Rfd8 17. Nbd2 Bh6 18. Rfd1 Bg4 19. h3 Rxd2 20. hxg4 Rxb2 21. g5 Bf8 22. gxf6 exf6 23. Rdb1 Rc2 24. Rc1 Rxc1+ 25. Rxc1 Rd8 26. Kf1 f5 27. Ke2 Kg7 28. Ne1 Re8+ 29. Kf1 Kf6 30. Nd3 h5 31. b4 h4 32. c5 g5 33. c6 bxc6 34. Rxc6+ Re6 35. Rc8 Bd6 36. a4 Ke7 37. Rg8 g4 38. Rh8 Re4 39. Rxh4 Bxb4 40. Rh5 Ke6 41. f3 Rd4 42. Nxb4 Rxb4 43. fxg4 Rf4+ 44. Kg1 Rxg4 45. Rh6+ f6 46. Rh8 Rxa4 47. Re8+ Kf7 48. Ra8 f4 49. Kf2 Kg6 50. Ra7 Kf5 51. Kf3 Ra3+ 52. Kf2 a5 53. Ra6 a4 54. Ra7 Ke4 55. Re7+ Kd5 56. Rd7+ Kc4 57. Rc7+ Kb3 58. Rb7+ Kc2 59. Rb4 Ra1 60. Rxf4 a3 61. Rxf6 Rb1 62. Ra6 Kb2 63. g4 a2 64. g5 a1=Q 65. Rxa1 Rxa1 66. Ke3 Ra4 {[%emt 0:00:03] Kd4} 0-1

[Event "VI Sunway Sitges Open 2019"]
[Site "Sitges"]
[Date "2019.12.13"]
[Round "1.26"]
[White "Puranik, Abhimanyu"]
[Black "Rego, Pedro Filipe"]
[Result "1-0"]
[ECO "B23"]
[WhiteElo "2580"]
[BlackElo "2201"]
[Annotator "ChessBase"]
[PlyCount "77"]
[EventDate "2019.12.13"]
[EventType "swiss"]
[EventCountry "ESP"]
[SourceTitle "playchess.com"]
[Source "ChessBase"]
[SourceQuality "1"]
[TimeControl "40/5400+30:1800+30"]

1. e4 c5 2. Nc3 Nc6 3. Bb5 g6 4. Bxc6 bxc6 5. d3 Bg7 6. f4 d6 7. Nf3 Nf6 8. O-O O-O 9. Qe1 Ne8 10. Kh1 Nc7 11. Bd2 Rb8 12. b3 f5 13. e5 Ne6 14. Qf2 Nd4 15. Nxd4 cxd4 16. Qxd4 dxe5 17. Qc4+ Kh8 18. fxe5 Qa5 19. Rae1 Bd7 20. Qh4 Qc5 21. d4 Qa3 22. Bc1 Qb4 23. Na4 Rbe8 24. Nc5 Bc8 25. Rf3 Qa5 26. a4 Qd8 27. Rh3 h5 28. Rg3 e6 29. Bg5 Qa5 30. c3 Qc7 31. Rf1 Qf7 32. Ne4 Ba6 33. Nd6 Bxf1 34. Nxf7+ Rxf7 35. Bf4 Be2 36. Qg5 Rb8 37. Qxg6 Rxb3 38. h3 Re7 39. Bh6 1-0

[Event "VI Sunway Sitges Open 2019"]
[Site "Sitges"]
[Date "2019.12.13"]
[Round "1.27"]
[White "Goormachtigh, Johan"]
[Black "Wagner, Dennis"]
[Result "0-1"]
[ECO "D24"]
[WhiteElo "2200"]
[BlackElo "2578"]
[Annotator "ChessBase"]
[PlyCount "82"]
[EventDate "2019.12.13"]
[EventType "swiss"]
[EventCountry "ESP"]
[SourceTitle "playchess.com"]
[Source "ChessBase"]
[SourceQuality "1"]
[TimeControl "40/5400+30:1800+30"]

1. d4 Nf6 2. c4 e6 3. Nf3 d5 4. Nc3 dxc4 5. e3 a6 6. a4 b6 7. Bxc4 Bb7 8. O-O Bb4 9. Qe2 O-O 10. Rd1 Qe7 11. Bd3 Nbd7 12. e4 e5 13. d5 Nc5 14. Bc2 a5 15. Bg5 h6 16. Bh4 Bxc3 17. bxc3 Ba6 18. Qe3 Qd6 19. Bg3 Ng4 20. Qd2 Rae8 21. h3 Nf6 22. Qe3 Nh5 23. Nh4 Nxg3 24. Qxg3 Bc8 25. Re1 Re7 26. Bd1 Kh7 27. Bg4 g6 28. Bxc8 Rxc8 29. c4 Rce8 30. Qc3 Qd7 31. Qc2 Rf8 32. g4 h5 33. f3 hxg4 34. hxg4 Kg7 35. Kg2 Rh8 36. Rh1 Ree8 37. Qd2 Qe7 38. Kg3 Nb3 39. Qc3 Nxa1 40. Qxa1 Qg5 41. Qc1 f6 0-1

[Event "VI Sunway Sitges Open 2019"]
[Site "Sitges"]
[Date "2019.12.13"]
[Round "1.28"]
[White "Peralta, Fernando"]
[Black "Martin Barcelo, Carles"]
[Result "1-0"]
[ECO "E90"]
[WhiteElo "2577"]
[BlackElo "2196"]
[Annotator "ChessBase"]
[PlyCount "89"]
[EventDate "2019.12.13"]
[EventType "swiss"]
[EventCountry "ESP"]
[SourceTitle "playchess.com"]
[Source "ChessBase"]
[SourceQuality "1"]
[TimeControl "40/5400+30:1800+30"]

1. d4 Nf6 2. c4 g6 3. Nc3 Bg7 4. e4 d6 5. Nf3 O-O 6. h3 e5 7. d5 Nh5 8. g3 Na6 9. Be3 f5 10. exf5 gxf5 11. Qd2 Qe7 12. O-O-O Nf6 13. Nh4 Nc5 14. Qc2 e4 15. Nb5 Ne8 16. Ng2 c6 17. dxc6 bxc6 18. Nxd6 Nd3+ 19. Bxd3 Nxd6 20. Be2 Rb8 21. Bd4 Bxd4 22. Rxd4 c5 23. Rdd1 Be6 24. Nf4 Rb4 25. b3 a5 26. Qc3 a4 27. Qe5 axb3 28. axb3 Nf7 29. Qxe6 Qa7 30. Kd2 Qa5 31. Ke3 Rxb3+ 32. Bd3 exd3 33. Nd5 d2+ 34. Ke2 Qd8 35. Rxd2 Re8 36. Nf6+ Qxf6 37. Qxe8+ Kg7 38. Rhd1 Rb6 39. Kf1 Re6 40. Qb8 Ne5 41. Rd6 f4 42. Rxe6 Qxe6 43. Qc7+ Nf7 44. Qxf4 Qxh3+ 45. Kg1 1-0

[Event "VI Sunway Sitges Open 2019"]
[Site "Sitges"]
[Date "2019.12.13"]
[Round "1.30"]
[White "Dragnev, Valentin"]
[Black "Gallego Bergada, Antoni"]
[Result "1-0"]
[ECO "E81"]
[WhiteElo "2553"]
[BlackElo "2193"]
[Annotator "ChessBase"]
[PlyCount "41"]
[EventDate "2019.12.13"]
[EventType "swiss"]
[EventCountry "ESP"]
[SourceTitle "playchess.com"]
[Source "ChessBase"]
[SourceQuality "1"]
[TimeControl "40/5400+30:1800+30"]

1. d4 g6 2. c4 Bg7 3. e4 d6 4. Nc3 Nf6 5. f3 O-O 6. Be3 c5 7. Nge2 Nc6 8. d5 Ne5 9. Ng3 h5 10. Be2 h4 11. Nf1 e6 12. Bg5 h3 13. Ne3 exd5 14. Nexd5 hxg2 15. Rg1 Be6 16. Qd2 Ned7 17. O-O-O Qa5 18. Ne7+ Kh7 19. Rxg2 b5 20. cxb5 Bxa2 21. Nc6 1-0

[Event "VI Sunway Sitges Open 2019"]
[Site "Sitges"]
[Date "2019.12.13"]
[Round "1.31"]
[White "Mohota, Nisha"]
[Black "Gukesh D"]
[Result "0-1"]
[ECO "B30"]
[WhiteElo "2191"]
[BlackElo "2547"]
[Annotator "ChessBase"]
[PlyCount "100"]
[EventDate "2019.12.13"]
[EventType "swiss"]
[EventCountry "ESP"]
[SourceTitle "playchess.com"]
[Source "ChessBase"]
[SourceQuality "1"]
[TimeControl "40/5400+30:1800+30"]

1. e4 c5 2. Nf3 Nc6 3. Bb5 e6 4. O-O Nge7 5. Re1 Nd4 6. Bf1 Nec6 7. c3 Nxf3+ 8. Qxf3 g6 9. d3 Bg7 10. Na3 O-O 11. Qg3 d6 12. f4 Rb8 13. e5 b5 14. Be3 Ne7 15. Qf2 Nd5 16. Bd2 dxe5 17. fxe5 Qc7 18. c4 bxc4 19. Nxc4 Ba6 20. Rac1 f6 21. Ba5 Qe7 22. Qh4 g5 23. exf6 Bxf6 24. Qg4 Nf4 25. Bc3 Bxc3 26. bxc3 h5 27. Qg3 Bxc4 28. dxc4 Rb2 29. Re5 Rf5 30. Rxf5 Rxg2+ 31. Qxg2 Nxg2 32. Re5 Nf4 33. Rce1 Kf7 34. Bg2 Kf6 35. R5e3 Qd6 36. a4 Qd2 37. Bf1 a5 38. Re4 Qxc3 39. R1e3 Qa1 40. h4 Kf5 41. hxg5 Kxg5 42. Kf2 Kf5 43. Re1 Qb2+ 44. Kg1 h4 45. R4e3 Qd2 46. Re5+ Kf6 47. R5e4 h3 48. Kh1 Qf2 49. R4e3 h2 50. Bh3 e5 0-1

[Event "VI Sunway Sitges Open 2019"]
[Site "Sitges"]
[Date "2019.12.13"]
[Round "1.32"]
[White "Shevchenko, Kirill"]
[Black "Brodtkorb, Lars Johan"]
[Result "1-0"]
[ECO "B30"]
[WhiteElo "2547"]
[BlackElo "2191"]
[Annotator "ChessBase"]
[PlyCount "91"]
[EventDate "2019.12.13"]
[EventType "swiss"]
[EventCountry "ESP"]
[SourceTitle "playchess.com"]
[Source "ChessBase"]
[SourceQuality "1"]
[TimeControl "40/5400+30:1800+30"]

1. e4 c5 2. Nf3 Nc6 3. Nc3 e5 4. Bc4 Be7 5. d3 d6 6. Nd2 Nf6 7. Nf1 O-O 8. Ne3 Nd7 9. h4 Nb6 10. a4 Be6 11. Ncd5 Re8 12. Bd2 Rb8 13. g3 Bf8 14. h5 h6 15. g4 Be7 16. a5 Nxc4 17. Nxe7+ Qxe7 18. dxc4 f6 19. Rg1 b5 20. axb6 axb6 21. Nd5 Qb7 22. Bxh6 gxh6 23. Nxf6+ Kf7 24. Nxe8 Rxe8 25. c3 Rg8 26. g5 Rxg5 27. Rxg5 hxg5 28. h6 Kg6 29. Qf3 Na5 30. O-O-O Nxc4 31. b3 Na5 32. Rxd6 Nxb3+ 33. Kb2 Qf7 34. Qxf7+ Kxf7 35. Rxe6 Nd2 36. Re7+ Kg8 37. Rg7+ Kh8 38. Rxg5 Nxe4 39. Rxe5 Nxf2 40. Re8+ Kh7 41. Rb8 Kxh6 42. Rxb6+ Kg5 43. Kb3 Kf5 44. Kc4 Ne4 45. Rc6 Ke5 46. Rxc5+ 1-0

[Event "VI Sunway Sitges Open 2019"]
[Site "Sitges"]
[Date "2019.12.13"]
[Round "1.33"]
[White "Bartakke, Amardeep S."]
[Black "Nasuta, Grzegorz"]
[Result "0-1"]
[ECO "B50"]
[WhiteElo "2190"]
[BlackElo "2545"]
[Annotator "ChessBase"]
[PlyCount "100"]
[EventDate "2019.12.13"]
[EventType "swiss"]
[EventCountry "ESP"]
[SourceTitle "playchess.com"]
[Source "ChessBase"]
[SourceQuality "1"]
[TimeControl "40/5400+30:1800+30"]

1. e4 c5 2. Nf3 d6 3. c3 Nf6 4. h3 Nc6 5. Bd3 d5 6. e5 Nd7 7. Bb5 Ndb8 8. d4 cxd4 9. cxd4 Bf5 10. Nc3 e6 11. O-O Be7 12. Be3 O-O 13. Qd2 Nd7 14. Ne1 Rc8 15. g4 Bg6 16. f4 f5 17. Bd3 Nb6 18. b3 Bb4 19. Rc1 Qh4 20. gxf5 Qg3+ 21. Ng2 Bxf5 22. Bxf5 Rxf5 23. h4 Ne7 24. Ne2 Rxc1 25. Qxc1 Qg4 26. Kf2 Rf8 27. a3 Rc8 28. Qb2 Ba5 29. Rc1 Nf5 30. b4 Nc4 31. Rxc4 Rxc4 32. bxa5 h5 33. Bd2 Nxh4 34. Nxh4 Qxh4+ 35. Ke3 Qh3+ 36. Kf2 Qh2+ 37. Kf3 Qh1+ 38. Kf2 Qh4+ 39. Ke3 Qh3+ 40. Kf2 Qh2+ 41. Ke3 Qg2 42. Qxb7 Rc2 43. Qb4 a6 44. f5 Qe4+ 45. Kf2 Qxf5+ 46. Ke1 h4 47. Qe7 Qg4 48. Nf4 Rxd2 49. Kxd2 Qxf4+ 50. Kc3 Qg4 0-1

[Event "VI Sunway Sitges Open 2019"]
[Site "Sitges"]
[Date "2019.12.13"]
[Round "1.34"]
[White "Erigaisi Arjun"]
[Black "Pierecker, Markus"]
[Result "1-0"]
[ECO "C00"]
[WhiteElo "2544"]
[BlackElo "2189"]
[Annotator "ChessBase"]
[PlyCount "54"]
[EventDate "2019.12.13"]
[EventType "swiss"]
[EventCountry "ESP"]
[SourceTitle "playchess.com"]
[Source "ChessBase"]
[SourceQuality "1"]
[TimeControl "40/5400+30:1800+30"]

1. e4 c5 2. Nf3 e6 3. g3 Nc6 4. Bg2 Nf6 5. Qe2 d6 6. O-O Be7 7. Rd1 O-O 8. c3 Bd7 9. Na3 Rc8 10. d4 cxd4 11. Nxd4 Nxd4 12. Rxd4 Qa5 13. Be3 Bc6 14. Bd2 d5 15. exd5 Bxd5 16. Nc2 Bxg2 17. Kxg2 Rfd8 18. Be3 Nd5 19. Rdd1 Nxe3+ 20. Nxe3 Rxd1 21. Rxd1 Qxa2 22. Rd7 Bf6 23. Rxb7 Bxc3 24. Qh5 Bxb2 25. Qxf7+ Kh8 26. Qd7 Rf8 27. Qd2 Re8 1-0

[Event "VI Sunway Sitges Open 2019"]
[Site "Sitges"]
[Date "2019.12.13"]
[Round "1.35"]
[White "Sibi Visal R"]
[Black "Li, Di"]
[Result "0-1"]
[ECO "D21"]
[WhiteElo "2185"]
[BlackElo "2543"]
[Annotator "RC"]
[PlyCount "202"]
[EventDate "2019.12.13"]
[EventType "swiss"]
[EventCountry "ESP"]
[SourceTitle "playchess.com"]
[Source "ChessBase"]
[SourceQuality "1"]
[TimeControl "40/5400+30:1800+30"]

1. c4 e6 2. Nf3 d5 3. d4 dxc4 4. Nc3 a6 5. a4 Nc6 6. e3 Na5 7. Nd2 c5 8. Nxc4 Nf6 9. dxc5 Qxd1+ 10. Kxd1 Nb3 11. Rb1 Bxc5 12. Kc2 Nxc1 13. b4 Ba7 14. Rxc1 Ke7 15. Be2 g5 16. Rhd1 g4 17. Kb3 h5 18. Nd6 Rd8 19. Nce4 Nd5 20. Bc4 Rxd6 21. Nxd6 Kxd6 22. e4 Bd7 23. b5 axb5 24. axb5 Bb6 25. exd5 e5 26. Be2 Bc5 27. Ra1 Rg8 28. Ra4 f5 29. Rda1 Bxf2 30. Ra8 Rxa8 31. Rxa8 Bg1 32. Rh8 Bxh2 33. Kc4 e4 34. Rh6+ Ke7 35. Rxh5 Bg1 36. Rh6 Be3 37. Rh7+ Kd6 38. Rg7 b6 39. Rf7 Bc5 40. Kc3 Kc7 41. Bd1 Kd8 42. Kc4 Ke8 43. Rg7 Kd8 44. Rf7 Bd6 45. Be2 Be5 46. Rh7 Kc7 47. Rh6 f4 48. d6+ Bxd6 49. Kd5 f3 50. gxf3 Bf4 51. Rh7 exf3 52. Bd3 g3 53. Bf1 g2 54. Bxg2 fxg2 55. Rg7 Be3 56. Rxg2 Bxb5 57. Rg7+ Bd7 58. Rh7 Bc5 59. Rg7 Be3 60. Rh7 Bg5 61. Rg7 Bd8 62. Rh7 Kc8 63. Rh8 Kc7 64. Rh7 Bf6 65. Rf7 Bb2 66. Rh7 Ba3 67. Rg7 Kd8 68. Rg8+ Ke7 69. Rg7+ Ke8 70. Rh7 Be7 71. Rh8+ Bf8 72. Rh7 Kd8 73. Rh8 Ke7 74. Rh7+ Ke8 75. Rh8 b5 76. Rh7 Kd8 77. Rh8 Ke7 78. Rh7+ Ke8 79. Rh2 Be7 80. Rh8+ Kf7 81. Rh6 Bg4 82. Rb6 Be2 83. Kc6 b4 84. Kd5 Bf1 85. Ke5 Bc4 86. Rb7 Ke8 87. Kd4 Be6 88. Ke5 Bf7 89. Rb8+ Kd7 90. Rb7+ Kd8 91. Kd4 Be6 92. Rb6 Bb3 93. Rb7 Bd6 94. Rh7 Be6 95. Rb7 Kc8 96. Rh7 b3 97. Rh1 Bb4 98. Kd3 Kc7 99. Rh4 Bf5+ 100. Ke2 Bd6 101. Rc4+ Kd7 0-1

[Event "VI Sunway Sitges Open 2019"]
[Site "Sitges"]
[Date "2019.12.13"]
[Round "1.36"]
[White "Harutyunian, Tigran K."]
[Black "Halmeenmaki, Tuomo"]
[Result "1-0"]
[ECO "E63"]
[WhiteElo "2540"]
[BlackElo "2183"]
[Annotator "ChessBase"]
[PlyCount "51"]
[EventDate "2019.12.13"]
[EventType "swiss"]
[EventCountry "ESP"]
[SourceTitle "playchess.com"]
[Source "ChessBase"]
[SourceQuality "1"]
[TimeControl "40/5400+30:1800+30"]

1. Nf3 Nf6 2. c4 g6 3. g3 Bg7 4. Bg2 O-O 5. d4 d6 6. Nc3 Nc6 7. O-O a6 8. Bd2 e5 9. dxe5 dxe5 10. Bg5 Be6 11. Qc1 Qc8 12. Rd1 Re8 13. Nd5 Nd7 14. Bh6 f6 15. Bxg7 Kxg7 16. Qe3 Ne7 17. Qa3 Bxd5 18. cxd5 Nb6 19. Qc5 Na4 20. Qb4 Qd7 21. d6 c5 22. Qa3 Nf5 23. Rac1 Nd4 24. Nxd4 exd4 25. Rxd4 Nb6 26. Rxc5 1-0

[Event "VI Sunway Sitges Open 2019"]
[Site "Sitges"]
[Date "2019.12.13"]
[Round "1.37"]
[White "Balaji Sekar"]
[Black "Moradiabadi, Elshan"]
[Result "0-1"]
[ECO "B31"]
[WhiteElo "1189"]
[BlackElo "2539"]
[Annotator "ChessBase"]
[PlyCount "82"]
[EventDate "2019.12.13"]
[EventType "swiss"]
[EventCountry "ESP"]
[SourceTitle "playchess.com"]
[Source "ChessBase"]
[SourceQuality "1"]
[TimeControl "40/5400+30:1800+30"]

1. e4 c5 2. Nf3 Nc6 3. Bb5 g6 4. Bxc6 bxc6 5. O-O Bg7 6. Re1 Qc7 7. c3 d6 8. h3 Nf6 9. d4 cxd4 10. cxd4 O-O 11. Nc3 Bb7 12. Bg5 h6 13. Be3 c5 14. dxc5 dxc5 15. Qc1 Kh7 16. Bf4 Qc6 17. Be5 Rfd8 18. Nd5 Rd7 19. Qf4 Nxd5 20. exd5 Qxd5 21. Bxg7 Kxg7 22. Rad1 Qxd1 23. Rxd1 Rxd1+ 24. Kh2 Rd6 25. Ne5 f6 26. Ng4 h5 27. Qh6+ Kf7 28. Qh7+ Ke6 29. Ne3 Be4 30. Qh6 Rd4 31. Nf1 Rad8 32. Qe3 Kf7 33. Qh6 a5 34. b3 a4 35. Qc1 axb3 36. axb3 c4 37. bxc4 Rd1 38. Qe3 Rxf1 39. Qxe4 Rxf2 40. c5 Rdd2 41. Qc4+ Kf8 0-1

[Event "VI Sunway Sitges Open 2019"]
[Site "Sitges"]
[Date "2019.12.13"]
[Round "1.38"]
[White "Kulaots, Kaido"]
[Black "Represa Perez, Mireya"]
[Result "1-0"]
[ECO "B51"]
[WhiteElo "2538"]
[BlackElo "2171"]
[Annotator "ChessBase"]
[PlyCount "63"]
[EventDate "2019.12.13"]
[EventType "swiss"]
[EventCountry "ESP"]
[SourceTitle "playchess.com"]
[Source "ChessBase"]
[SourceQuality "1"]
[TimeControl "40/5400+30:1800+30"]

1. e4 c5 2. Nf3 d6 3. Bb5+ Nd7 4. O-O a6 5. Bd3 Ngf6 6. Re1 e6 7. a4 b6 8. c3 Bb7 9. Na3 Be7 10. Bc2 b5 11. d4 e5 12. Bg5 b4 13. Nc4 cxd4 14. cxd4 Qc7 15. Rc1 O-O 16. Bb1 Qb8 17. dxe5 Nxe5 18. Nb6 Nxf3+ 19. Qxf3 Ra7 20. Bxf6 Bxf6 21. Nd7 Qd8 22. Nxf8 Bxb2 23. Nxh7 Bxc1 24. Rxc1 Kxh7 25. Qxf7 Kh8 26. Qh5+ Kg8 27. Ba2+ d5 28. exd5 Qd6 29. Qe8+ Kh7 30. Rc7 Bxd5 31. Qh5+ Qh6 32. Bb1+ 1-0

[Event "VI Sunway Sitges Open 2019"]
[Site "Sitges"]
[Date "2019.12.13"]
[Round "1.39"]
[White "Schut, Han"]
[Black "Stefansson, Hannes"]
[Result "0-1"]
[ECO "B48"]
[WhiteElo "2169"]
[BlackElo "2538"]
[Annotator "ChessBase"]
[PlyCount "74"]
[EventDate "2019.12.13"]
[EventType "swiss"]
[EventCountry "ESP"]
[SourceTitle "playchess.com"]
[Source "ChessBase"]
[SourceQuality "1"]
[TimeControl "40/5400+30:1800+30"]

1. e4 c5 2. Nf3 Nc6 3. d4 cxd4 4. Nxd4 e6 5. Nc3 a6 6. Be2 Qc7 7. Be3 Nf6 8. O-O Be7 9. f4 d6 10. Nb3 b5 11. a3 O-O 12. Bd3 b4 13. axb4 Nxb4 14. Na5 Rb8 15. Qe2 e5 16. h3 exf4 17. Bxf4 Be6 18. Kh1 Nxd3 19. cxd3 Rb4 20. Rfc1 Qd7 21. Bg5 Rfb8 22. Rc2 h6 23. Be3 Rc8 24. d4 d5 25. e5 Ne8 26. Kg1 Bf5 27. Rcc1 Nc7 28. b3 Rb6 29. Qf3 Bb4 30. Nxd5 Nxd5 31. Rxc8+ Qxc8 32. Qxd5 Rb5 33. Qf3 Rxa5 34. Rc1 Qd7 35. g4 Be6 36. Qa8+ Bf8 37. Rc8 Qxc8 0-1

[Event "VI Sunway Sitges Open 2019"]
[Site "Sitges"]
[Date "2019.12.13"]
[Round "1.40"]
[White "Narayanan, Srinath"]
[Black "Paquico Rodriguez, Ivan"]
[Result "1-0"]
[ECO "C41"]
[WhiteElo "2529"]
[BlackElo "2165"]
[Annotator "ChessBase"]
[PlyCount "123"]
[EventDate "2019.12.13"]
[EventType "swiss"]
[EventCountry "ESP"]
[SourceTitle "playchess.com"]
[Source "ChessBase"]
[SourceQuality "1"]
[TimeControl "40/5400+30:1800+30"]

1. e4 d6 2. d4 Nf6 3. Nc3 Nbd7 4. Nf3 e5 5. Bc4 Be7 6. a4 c6 7. O-O Qc7 8. Re1 h6 9. h3 Nf8 10. Nh4 Be6 11. Bf1 Ng6 12. Nxg6 fxg6 13. f4 O-O 14. Be3 exf4 15. Bxf4 Nh5 16. Bh2 Bh4 17. Re2 Bc4 18. Re1 Bf2+ 19. Kh1 Bxf1 20. Rxf1 Qd7 21. Qd3 Bh4 22. Ne2 Bg5 23. b3 Nf6 24. d5 Rae8 25. dxc6 Qxc6 26. Bxd6 Qxe4 27. Qxe4 Rxe4 28. Ng3 Rd8 29. Nxe4 Nxe4 30. Bf4 Bf6 31. Rae1 Nc5 32. Be3 Ne4 33. Bf4 Nc5 34. Rd1 Rc8 35. Rfe1 b6 36. Re2 Rc6 37. Rd6 Rc8 38. g4 g5 39. Bg3 Na6 40. a5 Nb4 41. axb6 axb6 42. Rxb6 Nxc2 43. Rb8 Rxb8 44. Bxb8 Nd4 45. Re3 Nc6 46. Bd6 Bd4 47. Re8+ Kf7 48. Rc8 Na7 49. Rc7+ Ke6 50. Bc5 Nb5 51. Re7+ Kd5 52. Bxd4 Nxd4 53. b4 g6 54. Rc7 Ne6 55. Rc8 Nd4 56. Kg2 Ke4 57. Rc5 Ne6 58. Rc6 Nf4+ 59. Kh2 h5 60. b5 h4 61. b6 Kd5 62. Rc8 1-0

[Event "VI Sunway Sitges Open 2019"]
[Site "Sitges"]
[Date "2019.12.13"]
[Round "1.41"]
[White "Llaneza Vega, Patricia"]
[Black "Krysa, Leandro"]
[Result "0-1"]
[ECO "C58"]
[WhiteElo "2164"]
[BlackElo "2527"]
[Annotator "ChessBase"]
[PlyCount "80"]
[EventDate "2019.12.13"]
[EventType "swiss"]
[EventCountry "ESP"]
[SourceTitle "playchess.com"]
[Source "ChessBase"]
[SourceQuality "1"]
[TimeControl "40/5400+30:1800+30"]

1. e4 e5 2. Nf3 Nc6 3. Bc4 Nf6 4. Ng5 d5 5. exd5 Na5 6. Bb5+ c6 7. dxc6 bxc6 8. Bd3 Nd5 9. Nf3 Bd6 10. O-O O-O 11. Re1 f5 12. Nxe5 Qf6 13. Nc4 Nxc4 14. Bxc4 Qh6 15. g3 f4 16. d4 Qg6 17. Bxf4 Rxf4 18. Nc3 Bb7 19. Bd3 Qh6 20. Ne4 Rf7 21. c4 Nf4 22. gxf4 Bxf4 23. Ng3 Raf8 24. Re4 Bb8 25. Qc1 g5 26. Re2 Bc8 27. Be4 Bg4 28. Rc2 Rxf2 29. Rxf2 Rxf2 30. Kxf2 Qxh2+ 31. Bg2 Qxg3+ 32. Kf1 Qd3+ 33. Kg1 Qxd4+ 34. Kf1 Bh2 35. Bd5+ Kf8 36. Kg2 Bf4 37. Qc3 Qxc3 38. bxc3 cxd5 39. cxd5 Bf5 40. Rd1 Ke7 0-1